 Dungeon Crawl Stone Soup version 0.28.0 (webtiles) character file.

Game seed: 8989273077986013184

23373 RighteousDevil the Grappler (level 12, -5/113 (127) HPs)
             Began as a Troll Monk on Feb 18, 2022.
             Slain by a deep troll (11 damage)
             ... on level 1 of the Orcish Mines.
             The game lasted 00:24:11 (10706 turns).

RighteousDevil the Grappler (Troll Monk)           Turns: 10706, Time: 00:24:12

HP:   -5/113 (127)  AC: 12    Str: 24    XL:     12   Next: 71%
MP:   9/11          EV:  8    Int:  6    God:
Gold: 1213          SH: 17    Dex: 14    Spells: 11/11 levels left

rFire   . . .      SeeInvis .     - Unarmed
rCold   . . .      Faith    .   a - +1 tower shield
rNeg    . . .      Spirit   .   C - +0 troll leather armour
rPois   .          Reflect  .   (helmet restricted)
rElec   .          Harm     .   g - scarf {+Inv}
rCorr   .          Rampage  .   (gloves unavailable)
Will    .....                   (boots unavailable)
Stlth   +.........              o - amulet of regeneration
HPRegen 2.68/turn               A - +4 ring of protection
MPRegen 0.12/turn               k - +4 ring of slaying

@: very slightly contaminated, silenced, heavily drained, invisible
A: large, unfitting armour, claws 3, regeneration 1, shaggy fur 1, tough skin 1,
horns 1, iridescent scales 1
a: Evoke Invisibility


You were on level 1 of the Orcish Mines.
You visited 2 branches of the dungeon, and saw 13 of its levels.

You collected 1213 gold pieces.

Inventory:

Hand Weapons
 b - a +0 whip of electrocution
 c - a +4 whip of venom
Armour
 a - a +1 tower shield (worn)
 f - a +2 robe of cold resistance
 g - a scarf of invisibility (worn)
 C - a +0 troll leather armour (worn)
Jewellery
 k - a +4 ring of slaying (right claw)
 o - an amulet of regeneration (around neck)
 v - a +6 ring of strength
 x - a +4 ring of evasion
 z - a ring of ice
 A - a +4 ring of protection (left claw)
Wands
 e - a wand of polymorph (7)
 n - a wand of flame (12)
 y - a wand of mindburst (2)
 B - a wand of iceblast (5)
Scrolls
 m - 3 scrolls of amnesia
 u - 3 scrolls of identify
 w - a scroll of teleportation
Potions
 d - a potion of berserk rage
 h - a potion of ambrosia
 i - a potion of haste
 j - 3 potions of might
 p - 4 potions of attraction
 q - a potion of cancellation
 r - a potion of brilliance


   Skills:
 + Level 10.5 Fighting
 + Level 2.4 Dodging
 - Level 1.0 Stealth
 - Level 10.1 Shields
 + Level 13.8 Unarmed Combat


You had 11 spell levels left.
You didn't know any spells.
Your spell library contained the following spells:

 Spells                   Type           Power      Damage    Failure   Level
 Freeze                   Ice            0%         1d3       93%         1
 Frozen Ramparts          Ice            0%         1d2       100%        3
 Gell's Gravitas          Tloc           0%         N/A       100%        3
 Lesser Beckoning         Tloc           0%         N/A       100%        3
 Teleport Other           Tloc           0%         N/A       100%        3
 Hailstorm                Conj/Ice       0%         3d3       100%        4
 Passage of Golubria      Tloc           0%         N/A       100%        4
 Petrify                  Tmut/Erth      0%         N/A       100%        4
 Summon Ice Beast         Ice/Summ       0%         N/A       100%        4
 Metabolic Englaciation   Hex/Ice        0%         N/A       100%        5
 Silence                  Hex/Air        0%         N/A       100%        5
 Summon Mana Viper        Hex/Summ       0%         N/A       100%        5
 Statue Form              Tmut/Erth      0%         N/A       100%        6
 Monstrous Menagerie      Summ           0%         N/A       100%        7
 Lehudib's Crystal Spear  Conj/Erth      0%         10d2      100%        8


Dungeon Overview and Level Annotations

Branches:
Dungeon (11/15)            Temple (0/1) D:5            Lair (0/6) D:11
    Orc (2/2) D:10            Elf (0/3) Orc:2

Altars:
Ashenzari
Makhleb
Trog
Wu Jian
Xom
Beogh

Shops:
D:1 *   Orc:2 =(*

Annotations:
Orc:1 1 transporter, 1 runed translucent door


Innate Abilities, Weirdness & Mutations

You are too large for most types of armour.
You have claws for hands.
Your natural rate of healing is unusually fast.
You are covered in fur. (AC +1)
You have tough skin. (AC +1)
You have a pair of small horns on your head.
You are partially covered in iridescent scales. (AC +2)


Message History

You block the deep troll's attack.
The deep troll claws you but does no damage. x2
The moth of wrath goads the deep troll on!
The deep troll goes berserk!
You closely miss the deep troll. Your headbutt misses the deep troll.
The deep troll is lightly wounded.
The deep troll bites you. You block the deep troll's attack.
The deep troll closely misses you.
The deep troll bites you but does no damage.
The deep troll claws you! The deep troll closely misses you.
The deep troll barely misses you. The deep troll claws you!!
The deep troll closely misses you.
There is a large open door, spattered with blood here.
The moth of wrath angrily waves its antennae.
You mangle the deep troll!! You headbutt the deep troll.
The deep troll is moderately wounded.
The deep troll bites you but does no damage.
You block the deep troll's attack. x2
You closely miss the deep troll. You headbutt the deep troll!
The deep troll is heavily wounded.
You block the deep troll's attack. The deep troll barely misses you.
You block the deep troll's attack. The deep troll bites you!
The deep troll claws you! x2
You mangle the deep troll!!
The deep troll is severely wounded.
The deep troll bites you!!
* * * LOW HITPOINT WARNING * * *
The deep troll claws you!
* * * LOW HITPOINT WARNING * * *
The deep troll claws you!
* * * LOW HITPOINT WARNING * * *
Magic scrolls do not work when you're silenced!
Okay, then.
Okay, then.
You feel drained.
You fade into invisibility!
You are very lightly contaminated with residual magic.
You block the deep troll's attack. x3; The deep troll closely misses you.
The deep troll claws you!
You die... ........# ## #### #... ........# °#yooee

#.## ........# ######### ###.
........# ##........ ##..
........# ##......... ###...
........######...###..⌠. #y##..
...........#y#...#y#$... ####...
...........###oT####$$...##......
............##..@## :(?..##......
...........©##©÷.#W+_[?..##©.....
............##...###))[..##......
...........###++### $$...##......
...........#y#...# $.... ####...
........######...# ..⌠. #y#...
........# .. .... #####.
........# ... #.. ........# ##.


You could see an orc knight, a deep troll (berserk), a moth of wrath
(unsilenced) and a silent spectre (silencing).

Vanquished Creatures
  Jorgrun (Orc:1)
  An orc warlord (Orc:1)
  An ettin (Orc:1)
  Josephine (Orc:1)
  3 two-headed ogres
  3 orc high priests
  Nergalle (D:10)
  3 orc sorcerers
  Maurice (Orc:2)
  A komodo dragon (D:8)
  4 trolls
  A raiju (shapeshifter) (D:11)
  A hornet (D:7)
  A shadow (D:11)
  6 yaks (D:9)
  6 wraiths
  A wyvern (D:11)
  9 vampire mosquitoes
  5 wargs
  3 water moccasins
  2 ice beasts (D:5)
  36 orc warriors
  2 black bears
  2 sky beasts
  5 ogres
  A necrophage (D:5)
  3 kobold brigands
  5 bullfrogs
  2 scorpions
  A water moccasin zombie (D:5)
  A wyvern skeleton (D:7)
  4 killer bees (D:10)
  6 wights (D:8)
  3 howler monkeys (D:10)
  4 centaur zombies
  A bullfrog zombie (D:5)
  4 hounds
  20 orc priests
  2 bullfrog skeletons
  A centaur skeleton (D:4)
  Natasha (thrice) (D:2)
  38 orc wizards
  2 howler monkey zombies (D:8)
  Robin (D:2)
  2 howler monkey skeletons
  9 adders
  An ufetubus (D:4)
  2 worms
  3 dart slugs
  85 orcs
  4 endoplasms
  4 giant cockroaches
  9 goblins
  14 hobgoblins
  3 jackals (D:1)
  6 quokkas
  3 ball pythons
  8 bats
  3 frilled lizards (D:1)
  25 kobolds
  8 rats
391 creatures vanquished.

Vanquished Creatures (others)
  An orc (Orc:1)
  7 fungi (D:11)
  8 plants (D:11)
16 creatures vanquished.

Grand Total: 407 creatures vanquished

Notes
Turn   | Place    | Note
-------+----------+-------------------------------------------
     0 | D:1      | RighteousDevil the Troll Monk began the quest for the Orb.
     0 | D:1      | Reached XP level 1. HP: 22/22 MP: 0/0
    90 | D:1      | Found Maut's General Store.
   137 | D:1      | Reached XP level 2. HP: 29/29 MP: 1/1
   258 | D:1      | Reached skill level 4 in Unarmed Combat
   312 | D:1      | Found a faded altar of an unknown god.
   479 | D:1      | Reached XP level 3. HP: 36/36 MP: 2/2
  1013 | D:2      | Reached skill level 5 in Unarmed Combat
  1013 | D:2      | Reached XP level 4. HP: 39/44 MP: 3/3
  1057 | D:2      | Identified the +2 helmet of Eternal Vigilance {rN+ SInv}
  1057 | D:2      | Noticed Robin
  1112 | D:2      | Killed Robin
  1132 | D:2      | Noticed Natasha
  1146 | D:2      | Killed Natasha
  1147 | D:2      | Reached XP level 5. HP: 50/50 MP: 4/4
  1377 | D:2      | Noticed Natasha
  1418 | D:2      | Killed Natasha
  1419 | D:2      | Reached skill level 6 in Unarmed Combat
  1561 | D:2      | Noticed Natasha
  1564 | D:2      | Killed Natasha
  1768 | D:3      | Found an ornate altar of the Wu Jian Council.
  1768 | D:3      | Found a shimmering altar of Xom.
  1838 | D:3      | Reached XP level 6. HP: 57/59 MP: 5/5
  1861 | D:3      | Reached skill level 7 in Unarmed Combat
  2185 | D:4      | Noticed a sky beast
  2191 | D:4      | Killed a sky beast
  2319 | D:4      | Reached skill level 1 in Shields
  2621 | D:4      | You fall into a shaft and drop 2 floors!
  2636 | D:5      | Entered Level 5 of the Dungeon
  2650 | D:5      | Reached XP level 7. HP: 67/67 MP: 6/6
  2813 | D:5      | Found a staircase to the Ecumenical Temple.
  3085 | D:5      | Reached skill level 8 in Unarmed Combat
  3243 | D:5      | Reached XP level 8. HP: 78/78 MP: 7/7
  4048 | D:7      | Noticed a hornet
  4058 | D:7      | Killed a hornet
  4340 | D:7      | Reached skill level 5 in Fighting
  4573 | D:8      | Reached skill level 9 in Unarmed Combat
  4768 | D:8      | Reached XP level 9. HP: 88/88 MP: 8/8
  4964 | D:8      | Reached skill level 5 in Shields
  5128 | D:8      | Noticed a two-headed ogre
  5132 | D:8      | Noticed a komodo dragon
  5132 | D:8      | a two-headed ogre changed into a komodo dragon
  5141 | D:8      | Killed a komodo dragon
  5294 | D:8      | Gained mutation: You have a pair of small horns on your
                  | head. [potion of mutation]
  5294 | D:8      | Gained mutation: You are partially covered in iridescent
                  | scales. (AC +2) [potion of mutation]
  5609 | D:9      | Noticed a two-headed ogre
  5617 | D:9      | Killed a two-headed ogre
  5618 | D:9      | Reached skill level 10 in Unarmed Combat
  5772 | D:9      | Noticed a two-headed ogre
  5780 | D:9      | Killed a two-headed ogre
  5781 | D:9      | Reached XP level 10. HP: 84/100 MP: 9/9
  6403 | D:10     | Entered Level 10 of the Dungeon
  6403 | D:10     | Noticed Nergalle
  6410 | D:10     | Killed Nergalle
  6411 | D:10     | Reached skill level 11 in Unarmed Combat
  6420 | D:10     | Noticed a two-headed ogre
  6425 | D:10     | Killed a two-headed ogre
  6751 | D:10     | Found a staircase to the Orcish Mines.
  6786 | D:10     | Reached XP level 11. HP: 111/111 MP: 10/10
  6965 | D:11     | Found a staircase to the Lair.
  7296 | D:11     | Found a broken altar of Ashenzari.
  7457 | D:11     | Reached skill level 12 in Unarmed Combat
  7643 | D:11     | Identified the +7 hand axe "Molek" {flame, Will+ Int+4}
  7782 | Orc:1    | Entered Level 1 of the Orcish Mines
  7789 | Orc:1    | Noticed an orc sorcerer
  7795 | Orc:1    | Killed an orc sorcerer
  7859 | Orc:1    | Noticed Jorgrun
  7877 | Orc:1    | HP: 4/113 [Jorgrun/blast of rock fragments (29)]
  7884 | Orc:1    | Killed Jorgrun
  7930 | Orc:2    | Entered Level 2 of the Orcish Mines
  8006 | Orc:2    | Found Keagubo Cezo's Assorted Antiques.
  8174 | Orc:2    | Found a staircase to the Elven Halls.
  8192 | Orc:2    | Noticed an orc warlord
  8193 | Orc:2    | Noticed an orc sorcerer
  8195 | Orc:2    | Noticed an orc high priest
  8335 | Orc:1    | Killed an orc warlord
  8385 | Orc:1    | Reached XP level 12. HP: 124/124 MP: 11/11
  8412 | Orc:1    | Killed an orc high priest
  8449 | Orc:2    | Reached skill level 13 in Unarmed Combat
  8472 | Orc:2    | Noticed Maurice
  8487 | Orc:2    | Killed Maurice
  8940 | Orc:2    | Noticed an orc high priest
  8946 | Orc:2    | Killed an orc high priest
  8957 | Orc:2    | Found Vyoqot's Jewellery Emporium.
  9057 | Orc:2    | Found Aguito Cohu's Antique Armour Shop.
  9068 | Orc:2    | Found Jifrod's Antique Weapon Boutique.
  9364 | Orc:2    | Noticed an orc high priest
  9375 | Orc:2    | Killed an orc high priest
  9376 | Orc:2    | Reached skill level 10 in Fighting
  9784 | Orc:1    | Found a burning altar of Makhleb.
  9804 | Orc:1    | Noticed an ettin
  9807 | Orc:1    | Found a bloodstained altar of Trog.
  9807 | Orc:1    | Found the +8 Wrath of Trog {antimagic, *Rage Rampage}
 10051 | Orc:1    | Found a transporter.
 10051 | Orc:1    | Noticed an ettin
 10055 | Orc:1    | Noticed Josephine
 10187 | Orc:1    | HP: 3/126 [ettin (39)]
 10245 | Orc:1    | Killed an ettin
 10246 | Orc:1    | Reached skill level 10 in Shields
 10393 | Orc:1    | Killed Josephine
 10680 | Orc:1    | Found a transporter.
 10692 | Orc:1    | Found a runed translucent door.
 10696 | Orc:1    | Noticed a deep elf elementalist
 10705 | Orc:1    | HP: 3/124 [deep troll (14)]
 10706 | Orc:1    | Slain by a deep troll

Illustrated notes

Levels and vault maps discovered:
D:1:      dpeg_arrival_signposts, layout_basic,
          dilly_ecumenical_altar_fadedgnrine, serial_shops,
          nicolae_shop_waterfront, feat_on_display
D:2:      layout_rooms, uniq_robin, uniq_natasha
D:3:      layout_rooms, gammafunk_temple_overflow_wave
D:4:      layout_basic
D:5:      layout_rooms, minmay_temple_entry_statues_fountains,
          kennysheep_cluttered_room, kennysheep_diamond, grunt_decor_fettered
D:6:      layout_basic
D:7:      layout_cave_pools
D:8:      layout_basic
D:9:      layout_stronghold, columned_hall_lemuel, nrook_mini_vaults,
          nicolae_fountain_basement
D:10:     minmay_flawed_box, layout_basic, orc_0_dummy, uniq_nergalle
D:11:     layout_irregular_city, due_lair_maze_entry_diamond,
          evilmike_ruin_ashenzari
Orc:1:    emtedronai_trogs_sanctum, layout_diamond_mine, basic_altar,
          uniq_josephine, uniq_jorgrun
Orc:2:    grunt_orc_community_town_hall, layout_diamond_mine,
          grunt_orc_community_big_house_1, grunt_orc_community_big_house_2,
          grunt_orc_community_house_2, grunt_orc_community_house_2,
          grunt_orc_community_house_2, grunt_orc_community_house_1,
          grunt_orc_community_house_3, grunt_orc_community_house_1,
          guppyfry_library_mini, uniq_maurice

Skill      XL: |  1  2  3  4  5  6  7  8  9 10 11 12 |
---------------+-------------------------------------+-----
Unarmed Combat | 4 5 6 7 8 9 10 11 12 13 | 13.8
Shields        | 1 3 4 6 7 9 10 | 10.1
Fighting       | 3 4 5 6 8 9 10 | 10.5
Dodging        | |  2.4
Stealth        | |  1.0

Action                   |  1- 3 |  4- 6 |  7- 9 | 10-12 || total
-------------------------+-------+-------+-------+-------++-------
Melee: Unarmed           |    93 |   191 |   209 |   609 ||  1102
       Punch             |     1 |       |       |       ||     1
       Headbutt          |       |       |     5 |   119 ||   124
 Abil: Evoke Invisibilit |       |       |       |     1 ||     1
Evoke: Wand              |       |       |     3 |     3 ||     6
  Use: Potion            |     1 |       |     1 |    10 ||    12
       Scroll            |       |     8 |    10 |    12 ||    30
 Stab: Sleeping          |     3 |     3 |     2 |       ||     8
Armor: Robe              |    39 |    55 |    71 |    56 ||   221
       Skin              |       |    23 |       |       ||    23
       Troll leather arm |       |       |       |   220 ||   220
Dodge: Dodged            |    43 |    64 |    47 |   167 ||   321
Block: Tower shield      |    21 |    89 |   166 |   602 ||   878
